 Dungeon Crawl Stone Soup version 0.22-a0-247-gbddf880 (webtiles) character file.

2758 George the Ruffian (level 9, -3/92 HPs)
             Began as a Troll Monk on Feb 25, 2018.
             Was a Believer of Cheibriados.
             Slain by a killer bee (9 damage)
             ... on level 7 of the Dungeon.
             The game lasted 00:12:18 (3703 turns).

George the Ruffian (Troll Monk)                     Turns: 3703, Time: 00:12:18

Health: -3/92      AC:  8    Str: 29    XL:     9   Next: 41%
Magic:  10/10      EV: 14    Int: 13    God:    Cheibriados [**....]
Gold:   346        SH:  0    Dex: 18    Spells: 8/8 levels left

rFire    . . .     SeeInvis .     - Unarmed
rCold    + . .     Gourm    +   (no shield)
rNeg     . . .     Faith    .   u - +1 robe {MR+}
rPois    .         Spirit   .   (helmet restricted)
rElec    .         Reflect  .   (no cloak)
rCorr    .         Harm     .   (gloves unavailable)
MR       +....                  (boots unavailable)
Stlth    ++........             (no amulet)
HPRegen  0.65/turn              k - ring of protection from cold
MPRegen  0.12/turn              s - +2 ring of protection

@: lethally poisoned (-3 -> -4), very slow
A: large, unfitting armour, claws 3, fast metabolism 3, gourmand, regeneration
1, shaggy fur 1, tough skin 2
a: Bend Time, Renounce Religion


You were on level 7 of the Dungeon.
You worshipped Cheibriados.
Cheibriados was pleased with you.
You were completely stuffed.

You visited 2 branches of the dungeon, and saw 8 of its levels.

You collected 346 gold pieces.

Inventory:

Hand Weapons
 m - a +1 flail
Missiles
 i - 9 tomahawks
 q - a throwing net (quivered)
Armour
 e - a +2 large shield of positive energy
 u - a +1 robe of magic resistance (worn)
Jewellery
 j - an uncursed ring of ice
 k - a ring of protection from cold (left claw)
 s - a +2 ring of protection (right claw)
 t - a +3 ring of intelligence
Scrolls
 d - a scroll of magic mapping
 f - 2 scrolls of amnesia
 g - 2 scrolls of teleportation
 h - a scroll of identify
 n - a scroll of noise {unknown}
 v - a scroll of enchant weapon
Potions
 a - a potion of mutation
 c - 2 potions of curing
 l - a potion of brilliance
 o - a potion of heal wounds
 p - 2 potions of flight
 r - a potion of resistance
 w - a potion of might {unknown}
Comestibles
 b - 9 rations
 x - 2 chunks of flesh


   Skills:
 + Level 6.5 Fighting
 + Level 6.5 Dodging
 - Level 1.0 Stealth
 + Level 7.9 Unarmed Combat
 + Level 2.7 Invocations


You had 8 spell levels left.
You didn't know any spells.

Dungeon Overview and Level Annotations

Branches:
Dungeon (7/15)             Temple (1/1) D:6

Altars:
Ashenzari
Cheibriados
Dithmenos
Elyvilon
Fedhas
Gozag
Hepliaklqana
Kikubaaqudgha
Makhleb
Nemelex Xobeh
Okawaru
Qazlal
Ru
Sif Muna
Trog
Uskayaw
Vehumet
Wu Jian
Xom
Yredelemnul
Zin
The Shining One

Shops:
D:5 *


Innate Abilities, Weirdness & Mutations

You are too large for most types of armour.
You have claws for hands.
Your metabolism is lightning-fast.
You like to eat raw meat.
Your natural rate of healing is unusually fast.
You are covered in fur. (AC +1)
You have very tough skin. (AC +2)


Message History

Something poisons the freed slave!
The freed slave closely misses something.
The freed slave completely misses something.
You feel sick.
The killer bee stings the freed slave but does no damage.
The killer bee closely misses the freed slave.
The freed slave hits the killer bee but does no damage.
The freed slave closely misses the killer bee.
The killer bee barely misses the freed slave.
There is an open door, spattered with blood here.
Things that are here:
a whip of flaming; a robe; the big kobold corpse of Pikel The killer bee stings the freed slave.
The freed slave dies!
You miss the killer bee. You claw the killer bee!
The killer bee is almost dead.
You feel sick. The killer bee stings you.
* * * LOW HITPOINT WARNING * * *
The killer bee stings you!
You die...

#....# #......
####+######....## #......
................# ##.!....
................# #.......
................+ #.......
.....$........).#+###......
.####...p.#†##......#......
#.....#.†#......'..>...
#....y@p.'......#......
#.....#..#......#......
#.....#p.#......#......
#.....#..#......#......
#.....#..#......#......
#.....#..+......+......
#.....#..#......######.
#..... ..#....... #.
#....... #.


You could see a killer bee and 3 neutral freed slaves.

Vanquished Creatures
  A two-headed ogre (D:3)
  Pikel (D:7)
  Duvessa (D:6)
  An ice beast (D:6)
  A phantom (D:5)
  An ogre (D:4)
  2 centaurs (D:5)
  A bullfrog (D:6)
  Dowan (D:6)
  A scorpion (D:5)
  3 killer bees (D:7)
  A howler monkey (D:2)
  2 crimson imps
  A quasit (D:6)
  A jelly (D:5)
  5 orc wizards
  4 hounds
  A gnoll shaman (D:7)
  2 iguanas
  5 worker ants
  2 hound skeletons
  A hound zombie (D:6)
  6 gnolls
  4 adders
  2 shadow imps
  An ooze (D:3)
  3 worms
  4 dart slugs
  A leopard gecko (D:6)
  14 orcs
  8 bats
  3 giant cockroaches
  10 hobgoblins
  A jackal (D:4)
  4 quokkas
  5 frilled lizards
  9 goblins
  9 kobolds
  A leopard gecko skeleton (D:6)
  5 rats
129 creatures vanquished.

Vanquished Creatures (others)
  A slave (D:7)
1 creature vanquished.

Grand Total: 130 creatures vanquished

Notes
Turn   | Place    | Note
-------+----------+-------------------------------------------
     0 | D:1      | George the Troll Monk began the quest for the Orb.
     0 | D:1      | Reached XP level 1. HP: 22/22 MP: 0/0
   123 | D:1      | Reached XP level 2. HP: 28/29 MP: 1/1
   399 | D:1      | Reached XP level 3. HP: 36/36 MP: 2/2
   793 | D:2      | Reached XP level 4. HP: 42/45 MP: 3/3
   976 | D:2      | You fall through a shaft for 2 floors!
   990 | D:4      | Reached skill level 4 in Unarmed Combat
   990 | D:4      | Reached XP level 5. HP: 39/53 MP: 4/4
  1236 | D:3      | Found a shattered altar of Ashenzari.
  1381 | D:3      | Noticed a two-headed ogre
  1565 | D:3      | Killed a two-headed ogre
  1565 | D:3      | Reached skill level 5 in Unarmed Combat
  1565 | D:3      | Reached XP level 6. HP: 45/65 MP: 5/5
  1565 | D:3      | Reached XP level 7. HP: 49/71 MP: 6/6
  1817 | D:4      | Reached skill level 5 in Fighting
  1817 | D:4      | Reached skill level 6 in Unarmed Combat
  1866 | D:4      | Reached skill level 5 in Dodging
  1898 | D:4      | Reached XP level 8. HP: 69/80 MP: 7/7
  2280 | D:5      | Entered Level 5 of the Dungeon
  2744 | D:5      | Found an opulent altar of Gozag.
  2749 | D:5      | Found Gozag's Platinum Reserve.
  2768 | D:5      | Reached skill level 7 in Unarmed Combat
  2890 | D:6      | Found a staircase to the Ecumenical Temple.
  2897 | Temple   | Entered the Ecumenical Temple
  2900 | Temple   | Became a worshipper of Cheibriados the Contemplative
  2900 | Temple   | Reached * piety under Cheibriados
  2900 | Temple   | Reached ** piety under Cheibriados
  3209 | D:6      | Reached skill level 1 in Invocations
  3369 | D:6      | Noticed Duvessa
  3369 | D:6      | Noticed Dowan
  3374 | D:6      | Killed Duvessa
  3377 | D:6      | Killed Dowan
  3377 | D:6      | Reached XP level 9. HP: 83/89 MP: 7/9
  3673 | D:7      | Noticed Pikel
  3695 | D:7      | Killed Pikel
  3703 | D:7      | Slain by a killer bee

Vault maps used:
D:1:      lemuel_arrival_hallway
D:3:      overflow_temple_1_default
D:4:      kennysheep_dice
D:5:      first_ration, minmay_misc_feat_secret_circle,
          nicolae_gozag_zags_fifth_avenue
D:6:      minmay_temple_entry_junction_2, hex_medium,
          kennysheep_generic_room_10, uniq_duvessa
D:7:      uniq_prince_ribbit1, uniq_pikel
Temple:   dpeg_three_leaves_temple

Skill      XL: |  1  2  3  4  5  6  7  8  9 |
---------------+----------------------------+-----
Fighting       | 3 4 5 6 |  6.5
Dodging        | 3 4 5 6 |  6.5
Unarmed Combat | 4 5 6 7 |  7.9
Invocations    | 1 2 |  2.7
Stealth        | |  1.0

Action                   |  1- 3 |  4- 6 |  7- 9 || total
-------------------------+-------+-------+-------++-------
Melee: Unarmed           |    79 |    94 |   165 ||   338
       Punch             |     1 |     5 |     7 ||    13
Throw: Throwing net      |       |     1 |       ||     1
  Use: Scroll            |       |     6 |     6 ||    12
 Stab: Sleeping          |     4 |     1 |     3 ||     8
       Distracted        |       |       |     1 ||     1
  Eat: Chunk             |    12 |     8 |    17 ||    37
Armor: Robe              |    29 |    21 |    49 ||    99
Dodge: Dodged            |    26 |    48 |   116 ||   190

Table legend:
 A = Spawn XP
 B = Non-spawn XP
 C = Spawn XP percentage of total XP
 D = Spawn monster count
 E = Non-spawn monster count
 F = Spawn count percentage of total count
 G = Total turns spent on level
                    A         B        C        D         E        F      G
               +---------+---------+-------+---------+---------+-------+---------
         Total |       0 |    3941 |   0.0 |       0 |     129 |   0.0 |  3703
               +---------+---------+-------+---------+---------+-------+---------
           D:1 |       0 |      45 |   0.0 |       0 |      27 |   0.0 |   631
           D:2 |       0 |     133 |   0.0 |       0 |      22 |   0.0 |   488
           D:3 |       0 |    1011 |   0.0 |       0 |      20 |   0.0 |   609
           D:4 |       0 |     477 |   0.0 |       0 |      20 |   0.0 |   552
           D:5 |       0 |     655 |   0.0 |       0 |      15 |   0.0 |   577
           D:6 |       0 |     694 |   0.0 |       0 |      15 |   0.0 |   668
           D:7 |       0 |     926 |   0.0 |       0 |      10 |   0.0 |    96
               +---------+---------+-------+---------+---------+-------+---------
